 Dungeon Crawl Stone Soup version 0.22-a0-126-g307c7c3 (webtiles) character file.

27813 KristoblXynda the Unseen (level 13, -31/115 HPs)
             Began as a Naga Gladiator on Jan 30, 2018.
             Was a Priest of Ashenzari.
             Annihilated by Rupert
             ... wielding a +4 battleaxe of chopping
              (42 damage)
             ... on level 12 of the Dungeon.
             The game lasted 00:45:02 (14518 turns).

KristoblXynda the Unseen (Naga Gladiator)          Turns: 14518, Time: 00:45:03

Health: -31/115    AC: 14    Str: 17    XL:     13   Next: 34%
Magic:  19/19      EV: 14    Int: 12    God:    Ashenzari [***...]
Gold:   582        SH:  9    Dex: 16    Spells: 12/12 levels left

rFire    . . .     SeeInvis +   a - +2 long sword
rCold    + . .     Gourm    .   G - +0 buckler (curse)
rNeg     . . .     Faith    .   A - +3 troll leather armour (curse)
rPois    +         Spirit   .   c - +1 helmet
rElec    .         Reflect  +   (no cloak)
rCorr    .         Harm     .   C - +0 pair of gloves "Cuutia Muwn" {rC+ Regen+ Dex+2} (curse)
MR       ++...                  (no barding)
Stlth    +++++++...             j - +4 amulet of reflection (curse)
HPRegen  1.09/turn              s - ring of protection from magic (curse)
MPRegen  0.16/turn              (no ring)

@: hasted, studying Stealth, quick
A: large, stinger 1, see invisible, deformed body, poison resistance, slowness
2, slow metabolism 1, spit poison 2, constrict 1, AC +4
a: Breathe Poison Gas, Curse Item, Scrying, Renounce Religion


You were on level 12 of the Dungeon.
You worshipped Ashenzari.
Ashenzari was most pleased with you.
You were not hungry.

You visited 3 branches of the dungeon, and saw 16 of its levels.

You collected 857 gold pieces.
You spent 275 gold pieces at shops.

Inventory:

Hand Weapons
 a - a +2 long sword (weapon)
 b - the +7 flail "Ucuecysa" {crush, -Tele rElec rC+++ MR+}
   (You found it on level 5 of the Dungeon)

   It inflicts extra damage upon your enemies.
   It renders you almost immune to cold.
   It insulates you from electricity.
   It affects your resistance to hostile enchantments.
   It prevents most forms of teleportation.
Missiles
 d - 2 throwing nets (quivered)
Armour
 c - a +1 helmet (worn)
 A - a cursed +3 troll leather armour (worn)
 C - the cursed +0 pair of gloves "Cuutia Muwn" (worn) {rC+ Regen+ Dex+2}
   (You bought it in a shop on level 7 of the Dungeon)

   It affects your dexterity (+2).
   It protects you from cold.
   It increases your rate of regeneration.
   It has a curse placed upon it.
 G - a cursed +0 buckler (worn)
Jewellery
 j - a cursed +4 amulet of reflection (around neck)
 s - a cursed ring of protection from magic (left hand)
Wands
 k - a wand of disintegration (9)
 q - a wand of clouds (1)
 r - a wand of iceblast (12)
Scrolls
 e - 9 scrolls of remove curse
 g - 6 scrolls of teleportation
 l - 5 scrolls of enchant weapon
 v - 3 scrolls of magic mapping
 y - a scroll of holy word
Potions
 i - a potion of resistance
 m - a potion of brilliance
 n - 2 potions of invisibility
 x - 2 potions of flight
 z - a potion of cancellation
 D - a potion of curing
 E - a potion of lignification
 F - a potion of mutation
Books
 h - a manual of Stealth
 t - a book of Callings

   Spells                             Type                      Level
   a - Summon Small Mammal            Summoning                    1
   b - Call Imp                       Summoning                    2
   c - Call Canine Familiar           Summoning                    3
   d - Summon Guardian Golem          Hexes/Summoning              3
   e - Summon Lightning Spire         Summoning/Air                4
   f - Summon Ice Beast               Ice/Summoning                4
 w - a book of Necromancy

   Spells                             Type                      Level
   a - Pain                           Necromancy                   1
   b - Animate Skeleton               Necromancy                   1
   c - Vampiric Draining              Necromancy                   3
   d - Regeneration                   Charms/Necromancy            3
   e - Animate Dead                   Necromancy                   4
 B - a book of Summonings

   Spells                             Type                      Level
   a - Recall                         Summoning/Translocation      3
   b - Aura of Abjuration             Summoning                    5
   c - Summon Demon                   Summoning                    5
   d - Summon Forest                  Summoning/Translocation      5
   e - Summon Mana Viper              Hexes/Summoning              5
   f - Shadow Creatures               Summoning                    6
Comestibles
 f - 16 rations


   Skills:
 + Level 7.0 Fighting
 - Level 12.0 Long Blades
 - Level 2.1 Throwing
 - Level 7.0 Armour
 - Level 7.0 Dodging
 + Level 17.9 Stealth
 + Level 2.6(4.2) Shields
 + Level 8.6(10.5) Evocations


You had 12 spell levels left.
You didn't know any spells.

Dungeon Overview and Level Annotations

Branches:
Dungeon (14/15)            Temple (1/1) D:7            Lair (0/6) D:11
    Orc (1/2) D:9
 Vaults: D:13-14

Altars:
Ashenzari
Cheibriados
Dithmenos
Elyvilon
Fedhas
Gozag
Hepliaklqana
Kikubaaqudgha
Makhleb
Nemelex Xobeh
Okawaru
Qazlal
Ru
Sif Muna
Trog
Uskayaw
Vehumet
Wu Jian
Xom
Yredelemnul
Zin
The Shining One

Shops:
D:7 [   D:8 (

Portals:
Trove: D:13 (give +7 demon blade)

Annotations:
D:12 Rupert
D:14 Nessos; ThereIsNoGod's ghost, journeyman FoEE; Urug


Innate Abilities, Weirdness & Mutations

You cannot wear boots.
Your serpentine skin is tough. (AC +4)
You have supernaturally acute eyesight. (SInv)
Armour fits poorly on your strangely shaped body.
Your system is resistant to poisons. (rPois)
You cover ground very slowly.
You have a slow metabolism.
You can exhale a cloud of poison.
You can use your snake-like lower body to constrict enemies.
Your tail ends in a poisonous barb.


Message History

Okay, then.
Evoke which item? (* to show all) (? for menu, Esc to quit)
Aiming: Disintegrate
Press: ? - help, Shift-Dir - straight line, f/p - Rupert
Aim: Rupert, wielding a battleaxe of chopping and wearing a leather armour of poison resistance (severely wounded, berserk, fast, unusually strong, chance to defeat MR: 31%) Rupert easily resists.
Rupert hits you with a battleaxe of chopping!!
* * * LOW HITPOINT WARNING * * *
x2 You feel yourself speed up.
You block Rupert's attack. x2
You block Rupert's attack.
Rupert rages.
You block Rupert's attack.
There is an open door here.
You block Rupert's attack.
Rupert rages.
Rupert hits you with a battleaxe of chopping!!
* * * LOW HITPOINT WARNING * * *
x2
There is an open door, spattered with blood here.
Rupert hits you with a battleaxe of chopping!!!
You die...

..........'.##.......#
..........#..........#
##############.......#
..## ###.##### #..# #)##
##'##### #..# .......#
###)####### .......#
#...(.....#
.......########.@.......#
.......'.....##@........#
.......#####..'.........#
.......# ####.........#
.<....)# #.........#
.......# #.........#
.......# #.........#
######## ###########


You could see Rupert (berserk).

Vanquished Creatures
  Josephine (D:12)
  The ghost of SnubMonkey the Archer, a journeyman CeHu of Okawaru (D:10)
  2 hydras
  A centaur warrior (D:13)
  A tengu warrior (D:13)
  6 two-headed ogres
  An orc knight (D:13)
  3 ugly things
  A deep elf mage (D:12)
  3 manticores
  A cyclops (D:12)
  2 centaur zombies
  A centaur skeleton (D:13)
  6 trolls
  A tengu conjurer (D:13)
  3 hippogriffs
  5 slime creatures
  A shadow (D:11)
  A vampire (D:13)
  A spriggan (D:8)
  6 wraiths
  3 wyverns
  14 yaks
  A hungry ghost (D:13)
  4 vampire mosquitoes
  Menkaure (D:6)
  3 humans
  A warg (D:13)
  4 orc warriors
  4 porcupines (D:11)
  3 ice beasts
  5 sky beasts
  3 black bears
  4 phantoms
  13 centaurs
  9 ogres
  5 crocodiles
  7 bullfrogs
  A wyvern skeleton (D:10)
  4 scorpions
  A water moccasin skeleton (D:4)
  10 wights
  4 howler monkeys
  An electric eel (D:8)
  4 crimson imps
  2 bullfrog zombies
  4 jellies
  2 bullfrog skeletons
  7 orc priests
  6 hounds
  15 orc wizards
  Jessica (D:3)
  4 iguanas
  12 worker ants
  3 hound zombies
  A hound skeleton (D:7)
  A worker ant zombie (D:11)
  4 gnolls (D:5)
  10 adders
  3 shadow imps
  3 oozes
  An adder zombie (D:8)
  2 worms (D:2)
  2 dart slugs (D:1)
  5 leopard geckos
  54 orcs
  5 giant cockroaches
  3 hobgoblins
  8 jackals
  A kobold (D:1)
  5 quokkas
  A ball python skeleton (D:5)
  6 bats
  9 frilled lizards
  8 goblins
  A jackal zombie (D:7)
  7 rats
353 creatures vanquished.

Vanquished Creatures (others)
  A centaur (D:12)
  4 fungi (D:11)
  3 plants (D:11)
8 creatures vanquished.

Grand Total: 361 creatures vanquished

Notes
Turn   | Place    | Note
-------+----------+-------------------------------------------
     0 | D:1      | KristoblXynda the Naga Gladiator began the quest for the Orb.
     0 | D:1      | Reached XP level 1. HP: 19/19 MP: 1/1
    75 | D:1      | Reached XP level 2. HP: 21/26 MP: 2/2
   989 | D:2      | Reached XP level 3. HP: 19/32 MP: 3/3
  1148 | D:2      | Found a shattered altar of Ashenzari.
  1167 | D:2      | Became a worshipper of Ashenzari the Shackled
  1351 | D:2      | Reached XP level 4. HP: 39/39 MP: 4/4
  1510 | D:2      | Reached skill level 1 in Armour
  1993 | D:3      | Noticed Jessica
  2007 | D:3      | Killed Jessica
  2007 | D:3      | Reached skill level 1 in Stealth
  2007 | D:3      | Reached XP level 5. HP: 45/45 MP: 5/5
  2517 | D:4      | Reached skill level 2 in Stealth
  2762 | D:4      | Reached skill level 5 in Long Blades
  2762 | D:4      | Reached skill level 3 in Stealth
  2762 | D:4      | Reached XP level 6. HP: 42/52 MP: 6/6
  3248 | D:4      | Found a snail-covered altar of Cheibriados.
  3522 | D:5      | Entered Level 5 of the Dungeon
  3550 | D:5      | Reached skill level 4 in Stealth
  3550 | D:5      | Reached XP level 7. HP: 20/60 MP: 7/7
  3782 | D:5      | Found a sacrificial altar of Ru.
  4023 | D:5      | Reached skill level 5 in Stealth
  4119 | D:5      | Got the flail "Ucuecysa" {crush, -Tele rElec rC+++ MR+}
  4187 | D:5      | Identified the +7 flail "Ucuecysa" {crush, -Tele rElec rC+++ MR+} (You found it on level 5 of the Dungeon)
  4237 | D:5      | Found a blossoming altar of Fedhas.
  4339 | D:5      | Reached skill level 6 in Stealth
  4347 | D:5      | Reached XP level 8. HP: 32/67 MP: 8/8
  4534 | D:5      | Found a radiant altar of Vehumet.
  5389 | D:6      | Found a shadowy altar of Dithmenos.
  5549 | D:6      | Reached skill level 7 in Stealth
  5879 | D:6      | Reached skill level 8 in Stealth
  5926 | D:6      | Noticed Menkaure
  6036 | D:6      | Killed Menkaure
  6334 | D:6      | Reached XP level 9. HP: 56/73 MP: 9/9
  6552 | D:7      | Reached * piety under Ashenzari
  6557 | D:7      | Found a staircase to the Ecumenical Temple.
  6576 | D:7      | Noticed a two-headed ogre
  6593 | D:7      | Killed a two-headed ogre
  6593 | D:7      | Reached skill level 5 in Armour
  6593 | D:7      | Reached skill level 9 in Stealth
  6908 | D:7      | Reached skill level 10 in Stealth
  6973 | D:7      | Found Qoatack's Armour Emporium.
  6999 | D:7      | Bought the cursed +0 pair of gloves "Cuutia Muwn" {rC+ Regen+ Dex+2} for 275 gold pieces
  7738 | Temple   | Entered the Ecumenical Temple
  8100 | D:8      | Reached XP level 10. HP: 28/85 MP: 10/10
  8241 | D:8      | Noticed a two-headed ogre
  8351 | D:8      | Found a bloodstained altar of Trog.
  8422 | D:8      | HP: 3/86 [two-headed ogre/giant spiked club (21)]
  8424 | D:8      | Killed a two-headed ogre
  8427 | D:8      | HP: 1/87 [bullfrog skeleton (6)]
  8665 | D:8      | Found Tuliluic's Antique Weapon Shoppe.
  8696 | D:8      | Reached skill level 5 in Fighting
  8701 | D:8      | Reached skill level 1 in Evocations
  9901 | D:9      | Reached ** piety under Ashenzari
  9987 | D:9      | Found a staircase to the Orcish Mines.
  9989 | D:9      | Found an iron altar of Okawaru.
 10093 | Orc:1    | Entered Level 1 of the Orcish Mines
 10110 | D:10     | Entered Level 10 of the Dungeon
 10110 | D:10     | Noticed a two-headed ogre
 10116 | D:10     | Killed a two-headed ogre
 10116 | D:10     | Reached skill level 10 in Long Blades
 10164 | D:10     | Noticed a red ugly thing
 10183 | D:10     | Gained mutation: Your tail ends in a poisonous barb. [potion of mutation]
 10183 | D:10     | Gained mutation: You can exhale a cloud of poison. [potion of mutation]
 10263 | D:10     | Killed a red ugly thing
 10263 | D:10     | Reached XP level 11. HP: 77/97 MP: 13/13
 10335 | D:10     | Found a shimmering altar of Xom.
 10540 | D:10     | Noticed SnubMonkey's ghost (journeyman CeHu)
 10594 | D:10     | Killed SnubMonkey's ghost
 10939 | D:11     | Reached skill level 11 in Stealth
 11020 | D:11     | Noticed a cyclops
 11024 | D:11     | Noticed a two-headed ogre
 11038 | D:11     | Killed a two-headed ogre
 11108 | D:11     | HP: 4/97 [shadow imp/nerve-wracking pain (6)]
 11359 | D:11     | Reached skill level 12 in Stealth
 11374 | D:11     | Reached skill level 5 in Evocations
 11396 | D:11     | Reached skill level 5 in Dodging
 11480 | D:11     | Noticed an eight-headed hydra
 11554 | D:11     | Reached skill level 13 in Stealth
 11610 | D:11     | Found a staircase to the Lair.
 11630 | D:11     | Killed an eight-headed hydra
 11986 | D:12     | Reached XP level 12. HP: 91/105 MP: 16/16
 11999 | D:12     | Noticed a two-headed ogre
 12000 | D:12     | Noticed Josephine
 12021 | D:12     | Killed a two-headed ogre
 12021 | D:12     | Reached skill level 14 in Stealth
 12029 | D:12     | Killed Josephine
 12248 | D:12     | Noticed Rupert
 12269 | D:12     | Reached skill level 15 in Stealth
 12364 | D:12     | Noticed an eight-headed hydra
 12372 | D:12     | Killed an eight-headed hydra
 13113 | D:12     | Reached skill level 16 in Stealth
 13131 | D:13     | Noticed a two-headed ogre
 13143 | D:13     | Killed a two-headed ogre
 13214 | D:13     | Found a portal to a secret trove of treasure.
 13224 | D:13     | Noticed a tengu warrior
 13251 | D:13     | Killed a tengu warrior
 13606 | D:13     | Gained mutation: You can use your snake-like lower body to constrict enemies. [Naga growth]
 13606 | D:13     | Reached XP level 13. HP: 106/111 MP: 18/18
 13643 | D:13     | Reached skill level 17 in Stealth
 13683 | D:13     | Reached skill level 1 in Shields
 14127 | D:13     | Reached *** piety under Ashenzari
 14165 | D:14     | Noticed Urug
 14179 | D:14     | Noticed ThereIsNoGod's ghost (journeyman FoEE)
 14180 | D:14     | Noticed Nessos
 14518 | D:12     | Annihilated by Rupert

Vault maps used:
D:1:      dpeg_arrival_windows_large_door, grunt_decor_fettered, hex_tiny
D:2:      ashenzari_altar_1, guppyfry_early_lair_pool
D:3:      uniq_jessica
D:4:      cheibrodos_quashed, lemuel_doored_altar, first_ration
D:5:      lemuel_crystal_altar, nicolae_overflow_crystal_walls, fedhas_altar_1
D:6:      grunt_dithmenos_smoke, uniq_menkaure
D:7:      temple_pool_b, serial_shops, shop
D:8:      serial_shops, kennysheep_mini_moat, basic_altar, the_bakery,
          lightli_minifort
D:9:      okawaru_metal_pillars_3, orc_0_dummy, special_room
D:10:     basic_altar
D:11:     minmay_lair_entry_grove, grunt_ministairs_1
D:12:     uniq_josephine, uniq_rupert
D:13:     enter_trove_1
D:14:     david_vaults_3, hangedman_decor_riveting
Temple:   nicolae_temple_x_marks_the_god
Orc:1:    uniq_erica

Skill      XL: |  1  2  3  4  5  6  7  8  9 10 11 12 13 |
---------------+----------------------------------------+-----
Throwing       | 2 |  2.1
Armour         | 1 2 3 4 6 7 |  7.0
Long Blades    | 4 5 6 7 9 10 11 12 | 12.0
Dodging        | 3 5 7 |  7.0
Stealth        | 1 3 4 6 8 10 13 16 17 | 17.9
Fighting       | 3 6 7 |  7.0
Evocations     | 3 5 7 8 |  8.6
Shields        | 2 |  2.6

Action                   |  1- 3 |  4- 6 |  7- 9 | 10-12 | 13-15 || total
-------------------------+-------+-------+-------+-------+-------++-------
Melee: Long sword        |    94 |   157 |   407 |   634 |   136 ||  1428
       Flail             |       |       |    16 |     5 |       ||    21
       Unarmed           |       |       |    10 |       |       ||    10
       Tailslap          |       |       |       |   116 |    39 ||   155
       Constrict         |       |       |       |       |    24 ||    24
Throw: Throwing net      |       |       |     2 |       |       ||     2
Invok: Curse Item        |     1 |       |       |     3 |       ||     4
 Abil: Spit Poison       |     4 |     8 |    29 |    11 |       ||    52
       Breathe Poison Ga |       |       |       |    29 |     5 ||    34
Evoke: Wand              |       |       |     4 |    35 |    15 ||    54
  Use: Scroll            |       |     2 |     5 |    22 |     5 ||    34
       Potion            |       |     1 |     6 |     5 |     1 ||    13
 Stab: Sleeping          |       |     8 |     9 |    13 |     4 ||    34
       Held in net/web   |       |       |     2 |       |       ||     2
       Confused          |       |       |       |     3 |       ||     3
  Eat: Chunk             |       |     8 |     7 |    12 |     1 ||    28
       Ration            |       |       |     2 |     3 |     1 ||     6
Armor: Leather armour    |    21 |    67 |    11 |       |       ||    99
       Skin              |       |    10 |    16 |    17 |       ||    43
       Ring mail         |       |       |   130 |   102 |       ||   232
       Troll leather arm |       |       |       |   154 |    52 ||   206
Dodge: Dodged            |    52 |    78 |   177 |   357 |    71 ||   735
Block: Other             |     2 |    28 |    71 |   104 |       ||   205
       Buckler           |       |       |       |    14 |    68 ||    82
       Reflection        |       |       |       |     3 |     2 ||     5
       Rpst.: Long sword |    18 |    25 |    47 |   103 |    14 ||   207

Table legend:
 A = Spawn XP
 B = Non-spawn XP
 C = Spawn XP percentage of total XP
 D = Spawn monster count
 E = Non-spawn monster count
 F = Spawn count percentage of total count
 G = Total turns spent on level
                    A         B        C        D         E        F      G
               +---------+---------+-------+---------+---------+-------+---------
         Total |       0 |   39733 |   0.0 |       0 |     354 |   0.0 | 14518
               +---------+---------+-------+---------+---------+-------+---------
           D:1 |       0 |      31 |   0.0 |       0 |      15 |   0.0 |   956
           D:2 |       0 |      92 |   0.0 |       0 |      26 |   0.0 |   824
           D:3 |       0 |     109 |   0.0 |       0 |      13 |   0.0 |   720
           D:4 |       0 |     340 |   0.0 |       0 |      15 |   0.0 |  1022
           D:5 |       0 |     789 |   0.0 |       0 |      26 |   0.0 |  1860
           D:6 |       0 |    1077 |   0.0 |       0 |      25 |   0.0 |  1170
           D:7 |       0 |    1383 |   0.0 |       0 |      21 |   0.0 |  1204
           D:8 |       0 |    2781 |   0.0 |       0 |      31 |   0.0 |  1447
           D:9 |       0 |    1361 |   0.0 |       0 |      27 |   0.0 |   850
          D:10 |       0 |    3110 |   0.0 |       0 |      11 |   0.0 |   759
          D:11 |       0 |    7156 |   0.0 |       0 |      45 |   0.0 |  1106
          D:12 |       0 |   10024 |   0.0 |       0 |      50 |   0.0 |  1348
          D:13 |       0 |   10764 |   0.0 |       0 |      47 |   0.0 |  1178
          D:14 |       0 |     716 |   0.0 |       0 |       2 |   0.0 |    17
               +---------+---------+-------+---------+---------+-------+---------
